 Dungeon Crawl Stone Soup version 0.31-a0-1-g4198be8af4 (webtiles) character file.

Game seed: 13142576593367551542

24929 ytrimaz the Carver (level 13, -10/107 HPs)
             Began as an Octopode Fighter on May 2, 2023.
             Was a Follower of Ashenzari.
             Killed from afar by an orc sorcerer (43 damage)
             ... with a bolt of fire
             ... while paralysed by an orc sorcerer
             ... on level 2 of the Orcish Mines.
             The game lasted 00:17:36 (11266 turns).

ytrimaz the Carver (Octopode Fighter)              Turns: 11266, Time: 00:17:36

Health: -10/107    AC:  1    Str: 14    XL:     13   Next: 16%
Magic:  13/13      EV:  2    Int: 14    God:    Ashenzari [*.....]
Gold:   1029       SH:  0    Dex: 16    Spells: 12/12 levels left

rFire   . . .        l - +8 demon blade "Leech" {evervamp, Harm Drain rN+}
rCold   . . .        b - +1 buckler
rNeg    + . .        (helmet restricted)
rPois   .            i - amulet of Ashenzari's Orthodoxy {Regen+, Evo, Fort} (curse)
rElec   .            q - ring "Distant Seeker" {rCorr, Elem, Self} (curse)
rCorr   +            (no ring)
SInv    .            (no ring)
Will    .....        (no ring)
Stlth   ++           (no ring)
HPRegen 1.17/turn    (no ring)
MPRegen 0.13/turn    (no ring)
                     (no ring)

%: random rage (3%), harm (+30% outgoing, +20% incoming)
@: paralysed, on berserk cooldown, slowed
A: almost no armour, amphibious, 8 rings, camouflage 1, gelatinous body 1,
(nimble swimmer 1), tentacles, berserk 1, clever 1, passive freeze, robust 1,
MP-powered wands
a: Renounce Religion, Curse Item, Shatter the Chains


You were on level 2 of the Orcish Mines.
You worshipped Ashenzari.
Ashenzari was aware of your devotion.
You visited 3 branches of the dungeon, and saw 16 of its levels.
You also visited: Sewer.

You collected 1935 gold pieces.
You spent 906 gold pieces at shops.


Innate Abilities, Weirdness & Mutations

You cannot wear most types of armour.
You are amphibious.
You can wear up to eight rings at the same time.
Your skin changes colour to match your surroundings (Stealth+).
Your rubbery body absorbs attacks. (AC +1, EV +1)
((You are camouflaged when in or above water. (Stealth+)))
You have tentacles for arms and can constrict up to eight enemies at once.
You sometimes lose your temper in combat.
Your mind is acute. (Int +4, Str/Dex -1)
A frigid envelope surrounds you and freezes all who hurt you.
You are robust. (+10% HP)
You expend magic power (3 MP) to strengthen your wands.


   Skills:
 + Level 12.1(12.8) Fighting
 - Level 14.0 Long Blades
 * Level 12.6 Dodging
 - Level 3.0(3.6) Shields


You had 12 spell levels left.
You didn't know any spells.
Your spell library contained the following spells:

 Spells                   Type           Power      Damage    Failure   Level
 Apportation              Tloc           0%         N/A       36%         1
 Sandblast                Erth           0%         2d4       36%         1
 Lesser Beckoning         Tloc           0%         N/A       50%         2
 Passwall                 Tmut/Erth      0%         N/A       50%         2
 Stone Arrow              Conj/Erth      0%         3d7       75%         3
 Volatile Blastmotes      Fire/Tloc      0%         2d10      75%         3
 Fulminant Prism          Conj/Hex       0%         3d5       98%         4
 Iskenderun's Mystic Bla  Conj/Tloc      0%         2d3       98%         4
 Petrify                  Tmut/Erth      0%         N/A       98%         4
 Borgnjor's Vile Clutch   Necr/Erth      0%         N/A       100%        5
 Lee's Rapid Deconstruct  Erth           0%         3d4*      100%        5
 Metabolic Englaciation   Hex/Ice        0%         N/A       100%        5
 Statue Form              Tmut/Erth      0%         N/A       100%        6

Inventory:

Hand Weapons
 a - a +0 long sword of chaos
 l - the +8 demon blade "Leech" (weapon) {evervamp, Harm Drain rN+}
   (You bought it in a shop on level 6 of the Dungeon)

   rN:        It protects you from negative energy.
   Drain:     It drains your maximum health when unequipped.
   Harm:      It increases damage dealt and taken.
 o - a +0 falchion of holy wrath
   (You took it off an orc on level 2 of the Dungeon)
 y - a +1 heavy great sword
   (You took it off a wight on level 6 of the Dungeon)
 J - a +3 scimitar of flaming
   (You took it off an efreet on level 13 of the Dungeon)
Armour
 b - a +1 buckler (worn)
 F - a +0 kite shield
   (You took it off a gnoll sergeant on level 8 of the Dungeon)
Jewellery
 i - the cursed amulet of Ashenzari's Orthodoxy (around mantle) {Regen+, Evo, Fort}
   (You found it on level 1 of the Dungeon)

   [amulet of regeneration]

   Regen:     It increases your rate of health regeneration.
   It has a curse which improves the following skills: Evocations: Evocations.
   Fortitude: Shields.
 q - the cursed ring "Distant Seeker" (left tentacle) {rCorr, Elem, Self}
   (You found it on level 2 of the Dungeon)

   [ring of resist corrosion]

   rCorr:     It protects you from acid and corrosion.
   It has a curse which improves the following skills: Elements: Fire Magic, Ice
   Magic, Air Magic and Earth Magic.
   Introspection: Fighting and Spellcasting.
Wands
 p - a wand of charming (16)
   (You found it on level 2 of the Dungeon)
 w - a wand of digging (7)
   (You found it on level 3 of the Dungeon)
 x - a wand of polymorph (7)
   (You took it off Sigmund on level 3 of the Dungeon)
 A - a wand of flame (14) (quivered)
   (You found it on level 6 of the Dungeon)
 G - a wand of light (4)
   (You found it on level 11 of the Dungeon)
 H - a wand of roots (2)
   (You found it on level 12 of the Dungeon)
Scrolls
 f - 5 scrolls of fog
 g - 10 scrolls of teleportation
 j - 5 scrolls of enchant weapon
 k - a scroll of magic mapping
 s - 4 scrolls of blinking
 C - a scroll of enchant armour
 D - 3 scrolls of fear
 I - a scroll of butterflies
Potions
 c - 2 potions of might
 d - 2 potions of magic
 e - a potion of invisibility
 h - 3 potions of flight
 m - 7 potions of curing
 n - 2 potions of mutation
 r - 4 potions of degeneration
 t - a potion of lignification
 u - 2 potions of attraction
 v - 2 potions of ambrosia
 z - a potion of haste
 B - 3 potions of heal wounds
 E - 2 potions of berserk rage

Dungeon Overview and Level Annotations

Branches:
Dungeon (13/15) Zot: 26672  Temple (0/1) D:7            Lair (1/5) D:9 Zot: 5998
    Orc (2/2) D:10 Zot: 11640   Sewer (visited)
    Elf: Orc:2       Vaults: D:13-14

Altars:
Ashenzari
Elyvilon
Fedhas
Hepliaklqana
Makhleb
Okawaru
Qazlal
Ru
Sif Muna
Uskayaw
Vehumet
Xom
Zin
The Shining One

Shops:
D:4 (   D:6 (

Portals:
Trove: D:12 (give horn of Geryon)

Annotations:
D:7 1 runed translucent door, TrollFarmer's ghost, novice GrEE

.........
#..#..... $..##
###...#....
...#.##..........
.............^....
......#...........
.................
.........@o......
#..............
##.....o.......
#.....o........
..$#..oo.........
.. #...o.##.....#
#...).......#$
##).#.........
##)##..#...#$


You could see an orc warlord (strong), 2 orc knights, an orc high priest
(strong), an orc sorcerer (strong) and an orc warrior (strong).


Message History

The orc shouts!
You hear a shout! x3
An orc priest comes into view. It is wielding a +0 flail.
An orc warrior comes into view.
It is wielding a +1 scimitar of holy wrath.
The orc hits you with a +0 dagger.
The orc is very cold.
An ogre comes into view.
It is wielding a +0 giant club. 😕 HP[-3]
You take 3 damage, and now have 104/107 hp.
The ogre shouts!
The orc warrior shouts!
You slash the orc!
You feel better.
You kill the orc!
You hear a shout!
A troll comes into view.
Things that are here:
a +0 dagger; a +0 leather armour; 😎 HP[+3]
Your hp is fully restored (107).
An orc warlord comes into view. It is wielding a +0 glaive.
An orc knight comes into view.
It is wielding a +1 great sword of freezing.
The orc warlord roars a battlecry!
The orcs go into a battle-frenzy!
You hear a shout!
Unknown command.
You slash the orc warrior! You grab the orc warrior.
Your tentacle-slap misses the orc warrior.
You constrict the orc warrior, but do no damage.
You block the orc warrior's attack.
You slash the orc warrior!
You kill the orc warrior!
You closely miss the orc priest. You grab the orc priest.
You constrict the orc priest. You block the orc priest's attack.
Unknown command.
A red film seems to cover your vision as you go berserk!
You feel yourself moving faster!
You feel mighty!
You barely miss the orc priest. You squeeze the orc priest!
You kill the orc priest!
An orc sorcerer comes into view.
It is wielding a +0 dagger and wearing a +2 robe of positive energy.
An orc warrior comes into view. It is wielding a +0 hand axe.
The orc knight roars a battlecry!
You hear a shout! 😎 HP[+53]
You now have 160 max hp (+53).
Your hp is fully restored (160).
You slice the ogre!! You squeeze the ogre.
You kill the ogre!
Unknown command.
An orc knight comes into view. It is wielding a +0 war axe.
The orc knight shouts!
Things that are here:
a +0 giant club; a +0 flail; an orc corpse Unknown command.
You slice the troll!! Your squeeze misses the troll. You slash the troll!
You kill the troll!
The +0 troll leather armour is intact enough to wear.
The orc warlord unwields a +0 glaive.
The orc warlord wields a +0 arbalest.
The orc warlord shoots a bolt.
The bolt hits you!!
An orc warrior comes into view. It is wielding a +0 mace.
An ogre comes into view.
It is wielding a +0 giant spiked club. 😕 HP[-27]
You take 27 damage, and now have 133/160 hp.
Unknown command. 😕 HP[+1] Unknown command.
You feel a strong urge to attack something. 😕 HP[+1] Unknown command.
You feel your anger nearly subside.
You are no longer berserk.
You are exhausted.
You feel yourself slow down. 😕 HP[-44]
You now have 107 max hp (-53). 😕 HP[+2]
You regained 2 hp, and now have 93/107 hp.
The orc warlord shoots a bolt.
The bolt hits you! 😕 HP[-8]
You take 8 damage, and now have 85/107 hp.
The orc knight no longer looks unusually strong.
The orc warlord roars a battlecry!
The orcs go into a battle-frenzy! 😕 HP[+1]
There is a stone staircase leading up here. 😕 HP[+2]
You regained 2 hp, and now have 88/107 hp.
Unknown command.
The orc knight roars a battlecry!
The orc sorcerer gestures at you while chanting.
You suddenly lose the ability to move!
You stop ascending the stairs.
An orc high priest comes into view. It is wielding a +0 hand axe.
The orc warlord shoots a bolt.
The bolt hits you but does no damage.
The orc knight hits you with a +1 great sword of freezing!
The orc knight freezes you.
The orc knight is very cold.
The orc high priest says, "You will make a fine sacrifice."
The orc knight hits you with a +1 great sword of freezing!!
* * * LOW HITPOINT WARNING * * *
The orc knight freezes you.
* * * LOW HITPOINT WARNING * * *
The orc sorcerer howls an incantation.
The orc sorcerer's hands start to glow.
The orc sorcerer casts a spell at you. The bolt of fire hits you!!!
You die...

Skill      XL: |  1  2  3  4  5  6  7  8  9 10 11 12 13 |
---------------+----------------------------------------+-----
Long Blades    | 3 4 5 6 8 9 13 14 | 14.0
Fighting       | 4 5 7 8 10 11 12 | 12.1
Dodging        | 4 5 7 8 10 12 | 12.6
Shields        | |  3.0

Action                     |  1- 3 |  4- 6 |  7- 9 | 10-12 | 13-15 || total
---------------------------+-------+-------+-------+-------+-------++-------
  Melee: Long sword        |    59 |    40 |   180 |   168 |       ||   447
         Constrict         |    20 |    12 |    50 |    54 |     4 ||   140
         Tentacles         |    12 |     7 |    65 |    97 |    10 ||   191
         Punch             |       |       |     4 |     6 |       ||    10
         Falchion          |       |       |    42 |       |       ||    42
         Demon blade       |       |       |       |   209 |    38 ||   247
 Invoke: Curse Item        |       |       |     1 |     1 |       ||     2
  Evoke: Wand              |       |       |       |     4 |       ||     4
    Use: Potion            |     2 |     1 |     1 |     2 |       ||     6
         Scroll            |       |     4 |    11 |     1 |       ||    16
   Stab: Sleeping          |     3 |     5 |    16 |     4 |     1 ||    29
         Invisible         |     1 |     1 |       |       |       ||     2
         Distracted        |       |       |       |     2 |       ||     2
         Confused          |       |       |       |     1 |       ||     1
         Paralysed         |       |       |       |     1 |       ||     1
 Armour: Skin              |     4 |     1 |    11 |     8 |     3 ||    27
  Dodge: Dodged            |    32 |    32 |   146 |   205 |    16 ||   431
  Block: Buckler           |    10 |     7 |    43 |    91 |     5 ||   156

Levels and vault maps discovered:
D:1:      onia_arrival_pyramid, layout_basic, kennysheep_decorative_pillar,
          minmay_quantized
D:2:      cheibrodos_pilgrimage, layout_loops_cross,
          hellmonk_ecumenical_altar_crossroads
D:3:      layout_loops_ring, nicolae_elyvilon_peaceful_grove,
          minmay_goblin_outpost, uniq_ijyb, uniq_jessica, uniq_sigmund
D:4:      layout_basic, grunt_temple_overflow_order_and_chaos_2,
          mainiacjoe_overflow_paths, general_overflow_altar, serial_shops, shop
D:5:      layout_loops_ring, grunt_temple_overflow_forces_of_nature,
          portal_sewer_entry_a, guppyfry_early_lair_pool
D:6:      layout_basic, mainiacjoe_overflow_alcove_1, serial_shops,
          nicolae_shop_bloodbath_and_beyond
D:7:      layout_basic, mainiacjoe_overflow_alcove_2, minmay_temple_entry_tees,
          gammafunk_ghost_grave
D:8:      minmay_polygon_palace, layout_rooms,
          mainiacjoe_overflow_six_doors_small, serial_corexii_hall,
          corexii_hall_statues_s, corexii_hall_statues_x, uniq_pikel
D:9:      layout_basic, grunt_lair_entry_orc_guard_hut, serial_ice,
          serial_ice_f, serial_ice_i, serial_ice_b, serial_ice_n
D:10:     layout_basic, jmf_multi_god_temple2, mainiacjoe_overflow_boulevard,
          hiddenorc2_lemuel, uniq_lodul
D:11:     wad_crossroads, layout_loops_ring, okawaru_humans
D:12:     layout_rooms, trove_entry_hex_spiral
D:13:     layout_roguey, david_vaults_1, serial_bayou, serial_bayou_lake_a,
          serial_bayou_shore_b, serial_bayou_pond_c, serial_bayou_pond_d
Lair:1:   layout_loops_ring
Orc:1:    layout_caves
Orc:2:    grunt_orc_gardens, layout_caves, grunt_orc_garden, grunt_orc_garden,
          grunt_orc_garden, grunt_orc_garden, uniq_josephine

Notes
Turn   | Place    | Note
-------+----------+-------------------------------------------
     0 | D:1      | ytrimaz the Octopode Fighter began the quest for the Orb.
     0 | D:1      | Reached XP level 1. HP: 16/16 MP: 1/1
     0 | D:1      | magus.rc [v1.9.6]
   227 | D:1      | Reached XP level 2. HP: 21/21 MP: 2/2
   488 | D:1      | Reached XP level 3. HP: 26/26 MP: 3/3
   975 | D:2      | Found a faded altar of an unknown god.
  1110 | D:2      | HP: 6/26 [orc wizard/magic dart (6)]
  1113 | D:2      | Gained mutation: You are robust. (+10% HP) [potion of
                  | mutation]
  1113 | D:2      | Gained mutation: You sometimes lose your temper in combat.
                  | [potion of mutation]
  1113 | D:2      | Gained mutation: You have hidden genetic potential. [potion
                  | of mutation]
  1113 | D:2      | Gained mutation: A frigid envelope surrounds you and
                  | freezes all who hurt you. [potion of mutation]
  1121 | D:2      | Reached skill level 3 in Long Blades
  1121 | D:2      | Reached XP level 4. HP: 19/36 MP: 4/4
  1128 | D:2      | HP: 9/36 [poisoned by an orc wizard]
  1130 | D:2      | Gained mutation: You expend magic power (3 MP) to
                  | strengthen your wands. [hidden potential]
  1427 | D:2      | Reached skill level 4 in Fighting
  1427 | D:2      | Reached skill level 4 in Dodging
  1707 | D:3      | Reached XP level 5. HP: 35/40 MP: 5/5
  1775 | D:3      | Noticed Ijyb
  1795 | D:3      | Killed Ijyb
  1806 | D:3      | magus.rc [v1.9.6]
  2075 | D:3      | Noticed Sigmund
  2090 | D:3      | Killed Sigmund
  2091 | D:3      | Reached skill level 4 in Long Blades
  2091 | D:3      | Reached XP level 6. HP: 40/48 MP: 6/6
  2101 | D:3      | Gained mutation: Your mind is acute. (Int +4, Str/Dex -1)
                  | [hidden potential]
  2101 | D:3      | Lost mutation: You have hidden genetic potential. [hidden
                  | potential expressed]
  2109 | D:3      | Noticed Jessica
  2116 | D:3      | Killed Jessica
  2117 | D:3      | Found a white marble altar of Elyvilon.
  2358 | D:4      | Found Istrutep's Antique Weapon Boutique.
  2471 | D:4      | Noticed a water moccasin
  2474 | D:4      | Killed a water moccasin
  2475 | D:4      | Reached skill level 5 in Fighting
  2475 | D:4      | Reached skill level 5 in Dodging
  2475 | D:4      | Reached XP level 7. HP: 40/55 MP: 7/7
  2570 | D:4      | Found a broken altar of Ashenzari.
  2584 | D:4      | Became a worshipper of Ashenzari the Shackled
  2858 | D:4      | Found a sacrificial altar of Ru.
  2991 | D:4      | Found a burning altar of Makhleb.
  2991 | D:4      | Found a glowing silver altar of Zin.
  2992 | D:4      | Noticed an angel
  2992 | D:4      | Noticed a blizzard demon
  3245 | D:5      | Entered Level 5 of the Dungeon
  3274 | D:5      | Found a stormy altar of Qazlal.
  3274 | D:5      | Found a blossoming altar of Fedhas.
  3398 | D:5      | Reached skill level 5 in Long Blades
  3434 | D:5      | Found a glowing drain.
  3451 | Sewer    | Entered a sewer
  3545 | Sewer    | Noticed Pargi
  3551 | Sewer    | Killed Pargi
  3631 | D:5      | Reached XP level 8. HP: 53/62 MP: 8/8
  3656 | D:5      | Reached skill level 6 in Dodging
  3689 | D:5      | Reached skill level 6 in Fighting
  4216 | D:6      | HP: 15/63 [poisoned by a water moccasin]
  4217 | D:6      | Reached skill level 6 in Long Blades
  4221 | D:6      | HP: 12/63 [poisoned by a water moccasin]
  4304 | D:6      | HP: 8/66 [ice beast (14)]
  4309 | D:5      | HP: 11/66 [ice beast (8)]
  4600 | D:6      | HP: 11/66 [ice beast (11)]
  4660 | D:6      | Reached skill level 7 in Dodging
  4694 | D:6      | Reached skill level 7 in Fighting
  4701 | D:6      | Reached XP level 9. HP: 65/70 MP: 9/9
  4787 | D:6      | Found Hoatit's Weapon Shop.
  4817 | D:6      | HP: 9/70 [ice beast (10)]
  4818 | D:6      | HP: 3/105 [ice beast (10)]
  4901 | D:6      | Reached skill level 7 in Long Blades
  4975 | D:6      | Found a hide-covered altar of Uskayaw.
  5095 | D:7      | Found a staircase to the Ecumenical Temple.
  5139 | D:7      | Noticed a hornet
  5410 | D:7      | Killed a hornet
  5499 | D:7      | Found a runed translucent door.
  5500 | D:7      | Noticed TrollFarmer's ghost (novice GrEE)
  5505 | D:7      | Reached skill level 8 in Fighting
  5505 | D:7      | Reached skill level 8 in Dodging
  5565 | D:7      | Reached skill level 8 in Long Blades
  5603 | D:7      | Found a shimmering altar of Xom.
  5833 | D:8      | Reached XP level 10. HP: 38/81 MP: 10/10
  5964 | D:8      | Found a radiant altar of Vehumet.
  6025 | D:8      | You pick up a book of Geomancy and begin reading...
  6025 | D:8      | You add the spells Sandblast, Passwall and Stone Arrow to
                  | your library.
  6241 | D:8      | Reached skill level 9 in Fighting
  6241 | D:8      | Reached skill level 9 in Dodging
  6356 | D:8      | Reached skill level 9 in Long Blades
  6357 | D:8      | You add the spells Apportation, Lesser Beckoning and
                  | Borgnjor's Vile Clutch to your library.
  6357 | D:8      | Got the Quarto of Places and the Quarry
  6958 | D:9      | Identified the +7 war axe of the Madman {antimagic, rN+
                  | Str+3}
  6985 | D:9      | HP: 10/75 [wight/+3 falchion (13)]
  7141 | D:9      | Found a staircase to the Lair.
  7232 | D:9      | Reached skill level 10 in Fighting
  7232 | D:9      | Reached skill level 10 in Dodging
  7232 | D:9      | Reached XP level 11. HP: 77/89 MP: 11/11
  7475 | D:9      | Reached * piety under Ashenzari
  7475 | D:9      | Identified a potion of experience
  7551 | D:9      | Reached skill level 13 in Long Blades
  7551 | D:9      | Reached XP level 12. HP: 96/96 MP: 12/12
  7581 | Lair:1   | Entered Level 1 of the Lair of Beasts
  7705 | D:6      | Bought the +8 demon blade "Leech" {evervamp, Harm Drain
                  | rN+} for 906 gold pieces
  7705 | D:6      | Found the +8 demon blade "Leech" {evervamp, Harm Drain rN+}
  7899 | D:10     | Entered Level 10 of the Dungeon
  8033 | D:10     | Found a hazy altar of Hepliaklqana.
  8122 | D:10     | Noticed Lodul
  8139 | D:10     | Killed Lodul
  8162 | D:10     | Found a large runed translucent door.
  8163 | D:10     | Found a large runed translucent door.
  8214 | D:10     | Found a staircase to the Orcish Mines.
  8839 | D:10     | Found a glowing golden altar of the Shining One.
  8849 | D:10     | Noticed a two-headed ogre
  8856 | D:10     | Killed a two-headed ogre
  8872 | D:10     | Found a shimmering blue altar of Sif Muna.
  9036 | D:11     | Noticed a boulder beetle
  9067 | D:11     | Killed a boulder beetle
  9207 | D:11     | Found an iron altar of Okawaru.
  9287 | D:11     | Reached skill level 11 in Fighting
  9288 | D:11     | Reached skill level 11 in Dodging
  9298 | D:11     | Reached skill level 14 in Long Blades
  9849 | D:11     | HP: 23/100 [yak (18)]
  9850 | D:11     | HP: 9/100 [yak (14)]
  9938 | D:12     | You pick up a book of Sloth and begin reading...
  9938 | D:12     | You add the spells Petrify, Metabolic Englaciation and
                  | Statue Form to your library.
 10006 | D:12     | Noticed a two-headed ogre
 10368 | D:12     | Found a portal to a secret trove of treasure.
 10372 | D:12     | This trove needs the horn of Geryon to function. Give it
                  | the item?
 10436 | D:12     | Killed a two-headed ogre
 10437 | D:12     | Reached skill level 12 in Dodging
 10437 | D:12     | Reached XP level 13. HP: 107/107 MP: 13/13
 10613 | D:13     | HP: 15/107 [efreet/+3 scimitar of flaming (14)]
 10716 | D:13     | Reached skill level 12 in Fighting
 10742 | D:13     | You pick up a book of Blasting and begin reading...
 10742 | D:13     | You add the spells Volatile Blastmotes, Fulminant Prism,
                  | Iskenderun's Mystic Blast and Lee's Rapid Deconstruction to
                  | your library.
 10911 | Orc:1    | Entered Level 1 of the Orcish Mines
 11239 | Orc:2    | Entered Level 2 of the Orcish Mines
 11247 | Orc:2    | Noticed an orc warlord
 11264 | Orc:2    | Paralysed by an orc sorcerer for 3 turns
 11266 | Orc:2    | Killed from afar by an orc sorcerer

Vanquished Creatures
  A catoblepas (D:13)
  A boulder beetle (D:11)
  2 two-headed ogres
  Lodul (D:10)
  A manticore (D:11)
  3 gargoyles
  3 unseen horrors
  An efreet (D:13)
  A kobold demonologist (D:12)
  2 hornets
  A polar bear (D:9)
  7 trolls
  5 slime creatures
  Sigmund (D:3)
  A wyvern (D:8)
  2 vampires (D:11)
  A wraith (D:8)
  14 yaks
  2 shadows (D:11)
  2 humans (D:11)
  A warg (Orc:1)
  An acid dragon (D:10)
  5 water moccasins
  Pargi (Sewer)
  5 orc warriors
  8 ice beasts
  2 sky beasts
  A black bear (D:9)
  3 centaurs
  9 ogres
  A wolf (D:9)
  A phantom (D:5)
  4 kobold brigands
  5 bullfrogs
  A gnoll sergeant (D:8)
  A scorpion (D:7)
  7 wights
  6 killer bees
  2 electric eels (D:9)
  5 howler monkeys
  3 hounds
  12 orc priests
  Jessica (D:3)
  2 iguanas
  15 orc wizards
  Ijyb (D:3)
  6 adders
  7 gnolls (D:5)
  4 white imps
  2 howler monkey simulacra (D:9)
  An ufetubus (D:6)
  4 dart slugs
  68 orcs
  6 endoplasms
  6 giant cockroaches
  9 goblins
  9 hobgoblins
  4 jackals (D:1)
  2 quokkas
  8 ball pythons
  7 bats
  5 frilled lizards
  20 kobolds
  6 rats
329 creatures vanquished.

Vanquished Creatures (others)
  A fungus (D:9)
  2 plants
  2 withered plants (D:7)
5 creatures vanquished.

Grand Total: 334 creatures vanquished

Table legend:
 A = Non-vault XP
 B = Vault XP
 C = Vault XP percentage of total XP
 D = Non-vault monster count
 E = Vault monster count
 F = Vault count percentage of total count
                 A         B        C        D         E       F
            +---------+---------+-------+---------+---------+-------
      Total |   17188 |    9148 |  34.7 |     223 |     108 |  32.6
            +---------+---------+-------+---------+---------+-------
        D:1 |      49 |       8 |  14.0 |      28 |       3 |   9.7
        D:2 |      17 |      87 |  83.7 |      11 |       5 |  31.2
        D:3 |      34 |     306 |  90.0 |      12 |       8 |  40.0
        D:4 |     241 |       0 |   0.0 |      11 |       0 |   0.0
        D:5 |     809 |      21 |   2.5 |      31 |       6 |  16.2
        D:6 |    1069 |       0 |   0.0 |      16 |       0 |   0.0
        D:7 |    1789 |     132 |   6.9 |      29 |       2 |   6.5
        D:8 |     570 |    1675 |  74.6 |      19 |      13 |  40.6
        D:9 |     685 |    1863 |  73.1 |       9 |      15 |  62.5
       D:10 |    1439 |    3046 |  67.9 |      13 |      43 |  76.8
       D:11 |    4272 |    1536 |  26.4 |      16 |       6 |  27.3
       D:12 |    3706 |       0 |   0.0 |      14 |       0 |   0.0
       D:13 |    1501 |       0 |   0.0 |       3 |       0 |   0.0
      Orc:1 |     700 |       0 |   0.0 |       7 |       0 |   0.0
      Orc:2 |     307 |     328 |  51.7 |       4 |       1 |  20.0
      Sewer |       0 |     146 | 100.0 |       0 |       6 | 100.0
            +---------+---------+-------+---------+---------+-------

Skill      XL: |  1  2  3  4  5  6  7  8  9 10 11 12 13 |
---------------+----------------------------------------+-----
Long Blades    | 3 4 5 6 8 9 13 14 | 14.0
Fighting       | 4 5 7 8 10 11 12 | 12.1
Dodging        | 4 5 7 8 10 12 | 12.6
Shields        | |  3.0

Action                     |  1- 3 |  4- 6 |  7- 9 | 10-12 | 13-15 || total
---------------------------+-------+-------+-------+-------+-------++-------
  Melee: Long sword        |    59 |    40 |   180 |   168 |       ||   447
         Constrict         |    20 |    12 |    50 |    54 |     4 ||   140
         Tentacles         |    12 |     7 |    65 |    97 |    10 ||   191
         Punch             |       |       |     4 |     6 |       ||    10
         Falchion          |       |       |    42 |       |       ||    42
         Demon blade       |       |       |       |   209 |    38 ||   247
 Invoke: Curse Item        |       |       |     1 |     1 |       ||     2
  Evoke: Wand              |       |       |       |     4 |       ||     4
    Use: Potion            |     2 |     1 |     1 |     2 |       ||     6
         Scroll            |       |     4 |    11 |     1 |       ||    16
   Stab: Sleeping          |     3 |     5 |    16 |     4 |     1 ||    29
         Invisible         |     1 |     1 |       |       |       ||     2
         Distracted        |       |       |       |     2 |       ||     2
         Confused          |       |       |       |     1 |       ||     1
         Paralysed         |       |       |       |     1 |       ||     1
 Armour: Skin              |     4 |     1 |    11 |     8 |     3 ||    27
  Dodge: Dodged            |    32 |    32 |   146 |   205 |    16 ||   431
  Block: Buckler           |    10 |     7 |    43 |    91 |     5 ||   156

Illustrated notes

Table legend:
 A = Kills in this place as a percentage of kills in the entire game.
 B = Kills by you in this place as a percentage of kills by you in the entire game.
 C = Kills by friends in this place as a percentage of kills by friends in the entire game.
 D = Other kills in this place as a percentage of other kills in the entire game.
 E = Experience gained in this place as a percentage of experience gained in the entire game.
 F = Experience gained in this place divided by the number of levels of this place that you have seen.
                   A       B       C       D       E      F
               +-------+-------+-------+-------+-------+----------------------
         Total | 100.0 | 100.0 |   N/A | 100.0 | 100.0 | 1549.2
       Dungeon |  94.6 |  94.5 |   N/A | 100.0 |  94.4 | 1911.9
  Orcish Mines |   3.6 |   3.6 |   N/A |   0.0 |   5.1 | 667.5
         Sewer |   1.8 |   1.8 |   N/A |   0.0 |   0.6 | 146.0
               +-------+-------+-------+-------+-------+----------------------

Table legend: (Time is in decaauts)
 A = Elapsed time spent in this place.
 B = Non-inter-level travel time spent in this place.
 C = Inter-level travel time spent in this place.
 D = Time resting spent in this place.
 E = Time spent auto-exploring this place.
 F = Levels seen in this place.
 G = Mean time per level.
                   A        B        C        D        E       F      G
               +--------+--------+--------+--------+--------+-----+--------+
         Total |  11452 |  10668 |    784 |    495 |   7723 |  17 |  673.6 |
       Dungeon |  10923 |  10160 |    763 |    469 |   7377 |  13 |  840.2 |
          Lair |      1 |      1 |      0 |      0 |      0 |   1 |    1.0 |
  Orcish Mines |    358 |    337 |     21 |      0 |    268 |   2 |  179.0 |
         Sewer |    169 |    169 |      0 |     26 |     78 |   1 |  169.0 |
               +--------+--------+--------+--------+--------+-----+--------+

Top non-repeatable levels by time:
    D:11: 1183 daAuts
     D:9: 1067 daAuts
    D:10: 1039 daAuts
     D:1: 931 daAuts
     D:5: 929 daAuts
     D:4: 928 daAuts
     D:6: 918 daAuts
     D:7: 881 daAuts
     D:2: 807 daAuts
     D:8: 774 daAuts
     D:3: 686 daAuts
    D:12: 520 daAuts
   Orc:1: 334 daAuts
    D:13: 255 daAuts
   Sewer: 169 daAuts
